Map: Ice and Chrome LE

Players

EnDerr - Winner!

  • Race: Zerg Zerg
  • League: Master
  • Spawn Location: 1:00

BlysK

  • Race: Protoss Protoss
  • League: Master
  • Spawn Location: 7:00

Event: DreamHack SC2 Masters 2020 Summer Oceania RoA

VOD

Have the link to the VOD?

Description

Time

  • Played on: June 25, 2020, 4:08 a.m.
  • Length: 5:58

All games in this series

Show
View Real Time Build Order
Export as new Build Order

EnDerr Zerg - Winner!

Build Orders: Pool First 

Get SALT Encoding   

  12  0:01  Drone  
  13  0:12  Overlord  
  13  0:17  Drone  
  14  0:31  Drone x2  
  16  0:40  Spawning Pool  
  16  0:42  Extractor  
  14  0:46  Drone  
  14  0:49  Drone  
  16  0:57  Drone  
  17  1:27  Zergling x4  
  17  1:28  Zergling x2  
  22  1:36  Hatchery  
  22  1:39  Queen  
  21  1:47  Metabolic Boost  
  21  1:51  Drone  
  22  2:00  Overlord  
  22  2:18  Queen  
  22  2:21  Drone x2  
  26  2:23  Drone  
  27  2:34  Drone  
  27  2:51  Drone x2  
  27  2:52  Drone x2  
  27  2:54  Hatchery  
  29  3:01  Queen  
  31  3:06  Overlord  
  31  3:10  Drone  
  31  3:12  Drone  
  33  3:14  Drone  
  33  3:18  Drone  
  34  3:26  Drone  
  34  3:27  Drone  
  36  3:32  Drone x4  
  40  3:37  Overlord  
  40  3:42  Extractor  
  40  3:43  Roach Warren  
  40  3:47  Zergling x2  
  40  3:48  Zergling x2  
  40  3:52  Zergling x4  
  42  3:55  Overlord  
  42  3:59  Overlord  
  42  4:23  Roach x7  
  56  4:26  Roach  
  56  4:28  Zergling x8  
  62  4:35  Zergling x8  
  66  4:39  Zergling x2  
  66  4:40  Zergling x2  
  66  4:42  Overlord  
  68  4:47  Ravager  
  68  4:52  Zergling x8  
  73  4:58  Zergling x2  
  74  5:03  Ravager, Overlord  
  74  5:04  Zergling x6  
  74  5:05  Zergling x2  
  79  5:07  Zergling x2  
  79  5:08  Zergling x2  
  80  5:15  Zergling x2  
  80  5:16  Zergling x2  
  80  5:20  Zergling x2  
  79  5:21  Zergling x2  
  79  5:23  Zergling x4  
  79  5:24  Ravager x2  
  79  5:28  Zergling x4  
  84  5:29  Zergling x4  
  84  5:32  Zergling x2  
  84  5:33  Zergling x2  
  83  5:39  Zergling x6  
  83  5:41  Zergling x2  
Show
View Real Time Build Order
Export as new Build Order

BlysK Protoss 

Build Orders: 1 Gate Expand 

Get SALT Encoding   

  12  0:00  Probe  
  13  0:12  Probe  
  14  0:20  Pylon  
  14  0:24  Probe  
  15  0:34  Probe  
  15  0:41  Gateway  
  16  0:43  Probe  
  16  0:47  Assimilator  
  17  0:53  Probe  
  18  1:05  Probe  
  19  1:17  Pylon, Probe  
  20  1:29  Cybernetics Core  
  20  1:35  Nexus  
  20  1:41  Probe  
  20  1:44  Assimilator  
  21  1:49  Pylon  
  24  2:10  Adept  
  24  2:14  Gateway  
  24  2:17  Warp Gate  
  24  2:21  Pylon  
  22  2:31  Probe  
  23  2:45  Probe  
  24  2:57  Probe  
  25  3:08  Probe x2  
  26  3:13  Pylon  
  26  3:16  Probe x2  
  25  3:24  Probe  
  27  3:28  Probe  
  27  3:32  Twilight Council  
  29  3:37  Probe  
  30  3:42  Probe  
  31  3:49  Probe  
  31  3:54  Probe  
  33  4:00  Resonating Glaives  
  34  4:06  Robotics Facility  
  34  4:09  Gateway x2  
  33  4:12  Probe  
  33  4:14  Probe  
  35  4:20  Probe  
  35  4:24  Pylon  
  35  4:26  Probe  
  35  4:28  Probe  
  35  4:29  Pylon  
  36  4:34  Stalker  
  36  4:38  Probe x2  
  40  4:42  Pylon  
  40  4:45  Warp Prism  
  41  4:50  Probe  
  41  4:51  Adept  
  44  4:58  Probe  
  47  5:02  Dark Shrine  
  47  5:04  Probe  
  48  5:07  Assimilator  
  48  5:13  Adept x2  
  52  5:16  Adept  
  52  5:23  Shield Battery  
  52  5:24  Shield Battery  
  52  5:26  Adept  
  52  5:37  Adept x2  
  52  5:42  Probe x2  
Tags
 
Add a new tag
Caveats
  • Supply blocks, unpowered buildings, or Contaminate may cause inaccurate times.
  • Supply counts are checked every 10 seconds.